 Dungeon Crawl Stone Soup version 0.32-a0-35-gd9ff480968 (webtiles) character file.

Game seed: 12075504756844211458

37 pokeman the Magician (level 3, -2/20 HPs)
             Began as a Deep Elf Hedge Wizard on Jan 21, 2024.
             Slain by a cerulean imp
             ... wielding a +0 spear
             ... summoned by Natasha
              (4 damage)
             ... on level 2 of the Dungeon.
             The game lasted 00:02:22 (1076 turns).

pokeman the Magician (Deep Elf Hedge Wizard)        Turns: 1076, Time: 00:02:22

Health: -2/20      AC:  2    Str:  7    XL:     3   Next: 23%
Magic:  3/11       EV: 12    Int: 20    God:
Gold:   85         SH:  0    Dex: 14    Spells: 4/12 levels left

rFire   . . .        h - +2 sling (freeze)
rCold   . . .        (no shield)
rNeg    . . .        b - +0 robe
rPois   .            c - +0 hat
rElec   .            (no cloak)
rCorr   .            (no gloves)
SInv    .            (no boots)
Will    .....        (no amulet)
Stlth   +            (no ring)
HPRegen 0.23/turn    (no ring)
MPRegen 0.12/turn

%: no passive effects
@: confused, very slightly contaminated
A: no striking features
a: no special abilities


You were on level 2 of the Dungeon.
You visited 1 branch of the dungeon, and saw 2 of its levels.

You collected 85 gold pieces.

Inventory:

Hand Weapons
 h - a +2 sling of freezing (weapon)
Armour
 b - a +0 robe (worn)
 c - a +0 hat (worn)
Scrolls
 e - a scroll of immolation {unknown}
 i - a scroll of noise {unknown}
 l - a scroll of blinking {unknown}
Potions
 a - 2 potions of lignification {unknown}
 d - a potion of magic
 f - a potion of enlightenment {unknown}
 g - a potion of might {unknown}
 j - 2 potions of mutation {unknown}
 k - a potion of attraction {unknown}


   Skills:
 + Level 0.8 Fighting
 + Level 0.8 Armour
 - Level 2.4 Dodging
 - Level 2.4 Stealth
 * Level 5.1 Spellcasting
 + Level 1.9 Conjurations
 - Level 1.1 Summonings
 - Level 1.1 Translocations


You had 4 spell levels left.
You knew the following spells:

 Your Spells              Type           Power      Damage    Failure   Level
a - Magic Dart            Conj           48%        1d5       5%          1
b - Mephitic Cloud        Conj/Alch/Air  7%         N/A       26%         3
c - Call Imp              Summ           18%        N/A       11%         2
d - Blink                 Tloc           18%        N/A       11%         2

Your spell library contained the following spells:

 Spells                   Type           Power      Damage    Failure   Level
 Slow                     Hex            20%        N/A       12%         1
 Cigotuvi's Dreadful Rot  Necr/Alch/Air  10%        N/A       17%         2


Dungeon Overview and Level Annotations

Branches:
Dungeon (2/15)

Altars:

Annotations:
D:2 Natasha


Message History

The orc closely misses you.
The orc hits itself with a +0 hand axe.
You bump into the rock wall.
You are engulfed in noxious fumes.
You choke on the stench!
You are more confused.
Natasha is engulfed in noxious fumes.
Natasha appears confused.
Natasha closely misses you.
The orc wizard is engulfed in noxious fumes.
The orc wizard appears confused.
The cerulean imp hits you from afar with a +0 spear.
You closely miss Natasha.
You are engulfed in noxious fumes.
You choke on the stench!
You are more confused.
Natasha is engulfed in noxious fumes.
Natasha appears confused.
The cerulean imp hits you but does no damage.
The orc is engulfed in noxious fumes.
The orc appears confused.
The orc closely misses you.
Natasha is engulfed in noxious fumes.
Natasha appears confused.
Unknown command.
You're too confused to move!
You are engulfed in noxious fumes.
You choke on the stench!
You are more confused.
The cerulean imp hits you but does no damage.
The orc is engulfed in noxious fumes.
The orc appears confused.
The orc misses you.
Natasha is engulfed in noxious fumes.
Natasha appears confused.
Natasha barely misses you.
You closely miss the orc.
The orc is heavily wounded.
You are engulfed in noxious fumes.
You choke on the stench!
You are more confused.
The cerulean imp hits you from afar with a +0 spear.
* * * LOW HITPOINT WARNING * * *
Natasha is engulfed in noxious fumes.
Natasha appears confused.
The cerulean imp hits you from afar with a +0 spear.
* * * LOW HITPOINT WARNING * * *
Natasha is engulfed in noxious fumes.
Natasha appears confused.
Unknown command.
You are engulfed in noxious fumes.
You choke on the stench!
You are more confused.
The cerulean imp hits you with a +0 spear.
You die...

# # ############### #
#.............. #
#..............
##########......§5....(.
..#.........o†.h@o.)....
#.#.######.....○○.......
#.#.####################
........... #.#########
#.# #.# #.# #.#


You could see an orc wizard (confused), Natasha (confused), a cerulean imp
(summoned) and an orc (confused).

Vanquished Creatures
  A dart slug (D:1)
  An orc (D:2)
  A bat (D:1)
  2 endoplasms
  4 giant cockroaches
  2 goblins (D:1)
  A hobgoblin (D:1)
  4 jackals (D:2)
  2 quokkas (D:1)
  3 ball pythons
  A frilled lizard (D:2)
  6 kobolds
  3 rats
31 creatures vanquished.

Notes
Turn   | Place    | Note
-------+----------+-------------------------------------------
     0 | D:1      | pokeman the Deep Elf Hedge Wizard began the quest for the
                  | Orb.
     0 | D:1      | Reached XP level 1. HP: 10/10 MP: 7/7
   231 | D:1      | Reached XP level 2. HP: 16/16 MP: 3/9
   449 | D:1      | Found a faded altar of an unknown god.
   730 | D:2      | Reached skill level 5 in Spellcasting
   970 | D:2      | Reached XP level 3. HP: 20/20 MP: 11/11
   974 | D:2      | Learned a level 3 spell: Mephitic Cloud
   977 | D:2      | Learned a level 2 spell: Call Imp
   980 | D:2      | Learned a level 2 spell: Blink
  1064 | D:2      | Noticed Natasha
  1076 | D:2      | Slain by a cerulean imp

Illustrated notes

Levels and vault maps discovered:
D:1:      sevenhm_arrival_forest_fort_large_4, layout_rooms,
          shapermc_ecumenical_altar_acropolis
D:2:      layout_basic, uniq_natasha

Skill      XL: |  1  2 |
---------------+-------+-----
Spellcasting   | 5 |  5.1
Fighting       | |  0.8
Armour         | |  0.8
Dodging        | |  2.4
Stealth        | |  2.4
Conjurations   | |  1.9
Summonings     | |  1.1
Translocations | |  1.1

Action                     || total
---------------------------++-------
  Melee: Sling             ||     2
   Fire: Sling             ||    31
   Cast: Magic Dart        ||    39
         Mephitic Cloud    ||     1
 Armour: Robe              ||    20
  Dodge: Dodged            ||    20

Table legend: (Time is in decaauts)
 A = Elapsed time spent in this place.
 B = Non-inter-level travel time spent in this place.
 C = Inter-level travel time spent in this place.
 D = Time resting spent in this place.
 E = Time spent auto-exploring this place.
 F = Levels seen in this place.
 G = Mean time per level.
                   A        B        C        D        E       F      G
               +--------+--------+--------+--------+--------+-----+--------+
         Total |   1088 |   1066 |     22 |      0 |    909 |   2 |  544.0 |
       Dungeon |   1088 |   1066 |     22 |      0 |    909 |   2 |  544.0 |
               +--------+--------+--------+--------+--------+-----+--------+

Top non-repeatable levels by time:
     D:1: 730 daAuts
     D:2: 358 daAuts
